 Dungeon Crawl Stone Soup version 0.16.2-12-gd0ad4c3 (webtiles) character file.

112319 Bezhaha1 the Impaler (level 16, 0/127 HPs)
             Began as a Demonspawn Berserker on Oct 23, 2015.
             Was the Champion of Trog.
             Blown up by an orb spider (36 damage)
             ... with an orb of destruction
             ... on level 5 of the Spider Nest.
             The game lasted 01:54:43 (35162 turns).

Bezhaha1 the Impaler (Demonspawn Berserker)        Turns: 35162, Time: 01:54:43

Health: 0/127      AC: 29    Str: 35    XL:     16   Next: 11%
Magic:  14/14      EV: 16    Int: 14    God:    Trog [******]
Gold:   2970       SH:  3    Dex: 16    Spells: 0 memorised, 15 levels left

rFire  + . .     SeeInvis .     G - +6 halberd "Plulof" {speed, rF+ Str+7 Int+5 Stlth-}
rCold  + + .     Clarity  +     X - +4 plate armour of Abstinence {-Cast -Tele rN+ MR+ Str+7}
rNeg   + . .     SustAb   .     (no shield)
rPois  +         Gourm    .     O - +2 hat
rElec  .         Spirit   .     Y - +2 cloak
rCorr  .         Warding  .     n - +0 pair of gloves
rMut   .         NoTele   +     (boots unavailable)
MR     +++..     NoCast   +     B - amulet of faith
Stlth  ..........               d - +4 ring of evasion
                                t - ring "Psof" {+Blink rC+ Int+2}

@: hasted, very quick, extremely resistant to hostile enchantments, extremely
unstealthy
A: hooves 3, large bone plates 2, clarity, cold resistance 1, dopey 1, low mp 1,
magic resistance 1, poison resistance, powered by death 2, powered by pain 3,
robust 1, screaming 1, augmentation 1
a: Burn Spellbooks, Berserk, Trog's Hand, Brothers in Arms, Renounce Religion,
Evoke Blink


You were on level 5 of the Spider Nest.
You worshipped Trog.
Trog was exalted by your worship.
You were not hungry.

You visited 5 branches of the dungeon, and saw 31 of its levels.
You also visited: Labyrinth.

You collected 3541 gold pieces.
You spent 571 gold pieces at shops.

Inventory:

Hand weapons
 s - a +8 antimagic quick blade
 G - the +6 halberd "Plulof" (weapon) {speed, rF+ Str+7 Int+5 Stlth-}
   (Trog gifted it to you on level 2 of the Lair of Beasts)

   Attacks with this weapon are significantly faster.
   It affects your strength (+7).
   It affects your intelligence (+5).
   It protects you from fire.
   It makes you less stealthy.
Armour
 n - a +0 pair of gloves (worn)
 z - the +0 shield "Zeor" {rElec Dex+3}
   (You took it off Donald on level 3 of the Orcish Mines)

   It affects your dexterity (+3).
   It insulates you from electricity.
 O - a +2 hat (worn)
 Q - the -5 helmet "Luashrena" {rElec rF+ rC- MR- Stlth+}
   (You bought it in a shop on level 6 of the Dungeon)

   It protects you from fire.
   It makes you vulnerable to cold.
   It insulates you from electricity.
   It affects your resistance to hostile enchantments.
   It makes you more stealthy.
 X - the +4 plate armour of Abstinence (worn) {-Cast -Tele rN+ MR+ Str+7}
   (You found it in a labyrinth)

   It affects your strength (+7).
   It protects you from negative energy.
   It affects your resistance to hostile enchantments.
   It prevents spellcasting.
   It prevents most forms of teleportation.
 Y - a +2 cloak (worn)
Jewellery
 d - a +4 ring of evasion (right hand)
 m - an uncursed amulet of the gourmand
 t - the ring "Psof" (left hand) {+Blink rC+ Int+2}
   (You found it in a labyrinth)

   [ring of protection from cold]

   It affects your intelligence (+2).
   It protects you from cold.
   It lets you blink.
 u - an uncursed ring of flight
 y - an uncursed ring of sustain abilities
 B - an amulet of faith (around neck)
 P - an uncursed ring of protection from cold
 S - an uncursed ring of protection from fire
Magical devices
 a - a wand of digging (7)
 v - a wand of disintegration (11)
 w - a wand of digging (21)
 H - a wand of digging (13)
 Z - a wand of digging (5)
Scrolls
 b - 24 scrolls of identify
 i - 6 scrolls of remove curse
 k - 7 scrolls of teleportation
 l - 4 scrolls of recharging
 q - 3 scrolls of magic mapping
 C - 2 scrolls of enchant weapon
 D - 6 scrolls of summoning
 E - a scroll of immolation
 F - 4 scrolls of fog
 L - 6 scrolls of enchant armour
 W - a scroll of blinking
Potions
 e - 3 potions of restore abilities
 f - a potion of magic
 g - a potion of resistance
 h - a potion of might
 r - 2 potions of haste
 x - 4 potions of heal wounds
 N - a potion of cancellation
 R - 5 potions of curing
Books
 A - a book of Conjurations

   Spells                             Type                      Level
   a - Magic Dart                     Conjuration                  1
   b - Searing Ray                    Conjuration                  2
   c - Dazzling Spray                 Conjuration/Hexes            3
   d - Fulminant Prism                Conjuration/Hexes            4
   e - Iskenderun's Mystic Blast      Conjuration                  4
   f - Iskenderun's Battlesphere      Conjuration/Charms           5
   Trog disapproves of the use of such an item.
Miscellaneous
 T - a phial of floods
Comestibles
 c - 22 bread rations
 o - a slice of pizza
 p - 10 meat rations
 I - 3 poisonous chunks of flesh
 J - 13 fruits
 M - 12 royal jellies
 U - 3 beef jerkies


   Skills:
 - Level 7.7 Fighting
 - Level 14.1 Short Blades
 - Level 16.8 Polearms
 + Level 12.2 Armour
 - Level 6.6 Dodging


You had 15 spell levels left.
You didn't know any spells.

Dungeon Overview and Level Annotations

Branches:
Dungeon (13/15)            Temple (0/1) D:6            Lair (8/8) D:11
 Shoals (0/5) Lair:5       Spider (5/5) Lair:6        Slime (0/6) Lair:7
    Orc (4/4) D:12           Hell (1/1)
    Elf: Orc:3-4     Vaults: D:13-14        Dis: Hell:1         Geh: Hell:1
    Coc: Hell:1         Tar: Hell:1

Altars:
Ashenzari
Cheibriados
Elyvilon
Kikubaaqudgha
Makhleb
Ru
Sif Muna
Zin
The Shining One
Beogh
Jiyva

Shops:
D:6 *[   Orc:4 =[

Portals:
Hell: Lair:8

Annotations:
Orc:4 Saint Roka
Hell Geryon


Innate Abilities, Weirdness & Mutations

You have hooves in place of feet.
You are mostly covered in large bone plates (AC +3, SH +3).
You can steal the life force of defeated enemies.
You are powered by pain.
Your magical and physical power is slightly enhanced at high health.
You possess an exceptional clarity of mind.
Your flesh is cold resistant.
You are dopey. (Int -2)
Your magical capacity is low (-10% MP).
You are resistant to hostile enchantments.
Your system is resistant to poisons.
You are robust (+10% HP).
You occasionally shout uncontrollably at your foes.


Message History

You slash the wolf spider! Your kick misses the wolf spider.
The wolf spider is moderately wounded.
The wolf spider hits you but does no damage.
You block the wolf spider's attack.
The orb spider spins a strand of pure energy.
You closely miss the wolf spider. You kick the wolf spider!
The wolf spider is moderately wounded.
The wolf spider hits you but does no damage.
The wolf spider closely misses you.
You impale the wolf spider!! You kick the wolf spider.
The wolf spider is almost dead.
The wolf spider closely misses you.
The wolf spider bites you but does no damage.
You slash the wolf spider!
You kill the wolf spider!
Trog accepts your kill.
The orb spider weaves a glowing orb of energy.
Drink which item? (? for menu, Esc to quit)
You feel yourself speed up. The orb of destruction hits you!
You die...

..#. #..(≈≈≈## ##
##.....^..≈≈≈≈# #≈≈≈ #...
...^.≈≈≈≈### ###≈≈≈≈≈
...###^..#≈≈≈≈≈≈###≈≈≈≈≈≈≈.
#...# ≈≈...≈≈≈≈≈≈≈≈≈≈≈≈≈≈..
#..######..≈≈≈≈≈≈≈≈≈≈≈≈≈...
^.^.?#..##.^≈≈≈≈≈≈≈≈≈≈#...#.
.#..^†.$^....#^......s§.^^.#
.#.^##....#^....@§§§§...#...
##..#..#....#........^^....
.#..#.≈.^^..............^..
.#.###.^≈.≈#^^≈#..≈..#.≈.^≈
#### #≈^#^##.#≈≈.^##^^#..^
##≈^≈.≈^^^#≈^# ..^.≈
#.^###.#...^. .### ##.
....... .. ..##


You could see an orb spider.

Vanquished Creatures
  Frances (Spider:1)
  Roxanne (Spider:4)
  Donald (Orc:3)
  Maud (Lair:4)
  A ghost moth (Spider:3)
  Aizul (Spider:3)
  An emperor scorpion (Spider:5)
  The ghost of Kira the Imperceptible, a powerful SpEn of Nemelex Xobeh (Spider:1)
  Josephine (D:12)
  A minotaur (Lab)
  The ghost of stonage the Basher, a powerful GrFi of Okawaru (Lab)
  Harold (D:12)
  6 hydras
  2 sun demons
  2 unseen horrors
  An ice devil (D:13)
  7 hill giants
  2 orc knights (Orc:4)
  6 orb spiders
  2 orc sorcerers (Orc:4)
  A wizard (Lair:8)
  5 ugly things
  18 wolf spiders
  3 griffons
  2 hornets
  A cyclops (D:13)
  2 moths of wrath (Spider:4)
  11 elephants
  4 black mambas
  A sixfirhy (Lair:8)
  4 orange demons (Lair:8)
  Joseph (Orc:3)
  A centaur zombie (D:9)
  17 spiny frogs
  3 torpor snails
  A smoke demon (Lair:8)
  7 demonic crawlers
  10 komodo dragons
  7 fire drakes
  A redback zombie (D:12)
  12 jumping spiders
  4 red devils
  2 queen bees
  4 wandering mushrooms (Lab)
  2 blue devils (Lair:8)
  4 trolls
  A two-headed ogre (Orc:4)
  2 boulder beetles
  6 slime creatures (D:13)
  13 blink frogs
  2 basilisks
  15 trapdoor spiders
  54 yaks
  17 redbacks
  A deep elf mage (D:9)
  7 wraiths (D:12)
  18 tarantellas
  A vampire (D:13)
  2 hungry ghosts (D:13)
  2 wyverns
  12 hippogriffs
  Grum (D:9)
  8 wolves
  A steam dragon (Lair:4)
  2 mottled dragons
  Edmund (D:5)
  Menkaure (D:7)
  2 vampire mosquitoes (D:13)
  18 water moccasins
  7 porcupines
  3 wargs
  33 orc warriors
  A soldier ant (D:12)
  4 wasps
  An eye of draining (D:10)
  31 spiders
  2 necrophages
  3 ice beasts
  7 sky beasts
  2 black bears
  3 hell hounds (Lair:8)
  13 centaurs
  A phantom (D:8)
  10 crocodiles
  Sigmund (D:4)
  Duvessa (D:7)
  13 ogres
  2 big kobolds
  A brain worm (D:12)
  18 giant frogs
  A gnoll sergeant (D:7)
  A water moccasin zombie (D:11)
  2 wyvern skeletons
  13 scorpions
  46 killer bees
  An electric eel (Spider:1)
  3 wights (D:11)
  Dowan (D:7)
  9 crimson imps
  3 goliath beetles
  8 hounds
  A giant frog zombie (D:6)
  A giant frog skeleton (D:5)
  2 quasits
  2 jellies
  A gnoll shaman (D:7)
  27 orc priests
  7 iguanas
  27 orc wizards
  2 yak simulacra (Lair:3)
  3 killer bee zombies
  3 polar bear simulacra (Lair:3)
  25 sheep
  3 wolf simulacra (Lair:3)
  6 worker ants
  Ijyb (D:7)
  2 hound zombies
  A worker ant zombie (D:4)
  Robin (D:4)
  26 adders
  15 gnolls
  47 river rats
  4 giant mites
  5 shadow imps
  4 white imps (D:13)
  4 worms
  6 adder skeletons
  12 giant geckos
  233 orcs
  3 ball pythons
  21 bats
  A bat skeleton (D:4)
  6 giant cockroaches
  A gnoll zombie (D:4)
  34 goblins
  26 hobgoblins
  13 jackals
  14 kobolds
  13 quokkas
  A giant newt (D:2)
  A giant spore (D:11)
  A jackal skeleton (D:5)
  A quokka skeleton (D:4)
  2 quokka zombies
  17 rats
  3 river rat simulacra (Lair:3)
  8 ballistomycetes
1237 creatures vanquished.

Vanquished Creatures (collateral kills)
  An orc warrior (Orc:4)
  2 orcs (Orc:4)
3 creatures vanquished.

Vanquished Creatures (others)
  A necromancer (Lair:3)
  2 redbacks
  An orc wizard (D:6)
  A hobgoblin (Orc:2)
  4 giant spores
  A goblin (Orc:4)
  2 bushes (Lair:8)
  20 fungi
  10 plants
42 creatures vanquished.

Grand Total: 1282 creatures vanquished

Notes
Turn   | Place    | Note
--------------------------------------------------------------
     0 | D:1      | Bezhaha1, the Demonspawn Berserker, began the quest for the Orb.
     0 | D:1      | Reached XP level 1. HP: 18/18 MP: 1/1
    48 | D:1      | You fall through a shaft!
   156 | D:1      | Gained mutation: You have large cloven feet. [demonic ancestry]
   156 | D:1      | Reached XP level 2. HP: 12/24 MP: 2/2
   988 | D:2      | Gained mutation: You sometimes gain a little power by taking damage. [demonic ancestry]
   988 | D:2      | Reached XP level 3. HP: 29/29 MP: 3/3
  1015 | D:2      | Acquired Trog's second power
  1319 | D:2      | Found a shattered altar of Ashenzari.
  1374 | D:3      | Reached skill level 4 in Polearms
  1563 | D:3      | Found a snail-covered altar of Cheibriados.
  1683 | D:3      | Gained mutation: You have hoof-like feet. [demonic ancestry]
  1683 | D:3      | Reached XP level 4. HP: 31/35 MP: 4/4
  2209 | D:4      | Noticed Robin
  2222 | D:4      | Killed Robin
  2321 | D:4      | Noticed an ogre
  2331 | D:4      | Killed an ogre
  2331 | D:4      | Gained mutation: You are partially covered in large bone plates (AC +2, SH +2). [demonic ancestry]
  2331 | D:4      | Reached XP level 5. HP: 24/41 MP: 5/5
  2920 | D:4      | Reached skill level 5 in Polearms
  3102 | D:4      | Reached XP level 6. HP: 44/47 MP: 6/6
  3217 | D:4      | Noticed a hippogriff
  3236 | D:4      | Killed a hippogriff
  3479 | D:4      | Noticed Sigmund
  3493 | D:4      | Killed Sigmund
  3493 | D:4      | Reached skill level 6 in Polearms
  3983 | D:5      | Entered Level 5 of the Dungeon
  4190 | D:5      | Gained mutation: Your mind is acute. (Int +2) [potion of beneficial mutation]
  4192 | D:5      | Lost mutation: Your mind is acute. (Int +2) [potion of cure mutation]
  4195 | D:5      | Reached skill level 7 in Fighting
  4195 | D:5      | Reached skill level 9 in Polearms
  4195 | D:5      | Gained mutation: You sometimes gain power by taking damage. [demonic ancestry]
  4195 | D:5      | Reached XP level 7. HP: 51/61 MP: 7/7
  4344 | D:5      | Gained mutation: You can steal the life force of nearby defeated enemies. [demonic ancestry]
  4344 | D:5      | Reached XP level 8. HP: 10/68 MP: 8/8
  4933 | D:5      | Noticed Edmund
  4947 | D:5      | Killed Edmund
  5080 | D:5      | Found a deep blue altar of Sif Muna.
  5252 | D:5      | Acquired Trog's third power
  5460 | D:6      | Found Coumn's Assorted Antiques.
  5463 | D:6      | Bought a runed shield for 108 gold pieces
  5463 | D:6      | Bought a fizzy emerald potion for 21 gold pieces
  5463 | D:6      | Bought a fuming amethyst potion for 21 gold pieces
  5463 | D:6      | Bought a glowing chain mail for 108 gold pieces
  5642 | D:6      | Found Klonaom's Antique Armour Boutique.
  5833 | D:6      | Found a staircase to the Ecumenical Temple.
  6116 | D:6      | Gained mutation: You are mostly covered in large bone plates (AC +3, SH +3). [demonic ancestry]
  6116 | D:6      | Reached XP level 9. HP: 71/73 MP: 9/9
  6172 | D:7      | Reached skill level 5 in Armour
  6202 | D:7      | Gained mutation: You are robust (+10% HP). [mutagenic meat]
  6203 | D:7      | Gained mutation: Your system is resistant to poisons. [mutagenic meat]
  6364 | D:7      | Noticed Dowan
  6365 | D:7      | Noticed Duvessa
  6380 | D:7      | Killed Duvessa
  6389 | D:7      | Killed Dowan
  6578 | D:7      | Noticed Menkaure
  6610 | D:7      | Killed Menkaure
  6735 | D:7      | Noticed Ijyb
  6788 | D:7      | Killed Ijyb
  6797 | D:7      | Found an ancient bone altar of Kikubaaqudgha.
  6981 | D:7      | Found a glowing golden altar of the Shining One.
  7475 | D:8      | Reached XP level 10. HP: 88/88 MP: 10/10
  7572 | D:8      | Received a gift from Trog
  8017 | D:8      | Found a shattered altar of Ashenzari.
  8018 | D:8      | Found a glowing silver altar of Zin.
  8670 | D:9      | Found a sacrificial altar of Ru.
  8813 | D:9      | Noticed Grum
  8859 | D:9      | Killed Grum
  8987 | D:10     | Entered Level 10 of the Dungeon
  9478 | D:10     | Reached skill level 10 in Armour
 10314 | D:11     | Noticed a hill giant
 10317 | D:11     | Found a staircase to the Lair.
 10326 | D:11     | Killed a hill giant
 10326 | D:11     | Received a gift from Trog
 10326 | D:11     | Gained mutation: You have hooves in place of feet. [demonic ancestry]
 10326 | D:11     | Reached XP level 11. HP: 93/93 MP: 11/11
 10348 | D:11     | Noticed a four-headed hydra
 10385 | D:11     | HP: 3/93 [four-headed hydra (4)]
 10394 | D:11     | Killed a four-headed hydra
 10405 | D:11     | Reached skill level 11 in Armour
 10465 | D:11     | Noticed a brown ugly thing
 10490 | D:10     | Killed a purple ugly thing
 10771 | D:11     | Got a scorched scale mail
 10801 | D:11     | Identified the cursed +0 scale mail of the Four of Cups {MR+ Str+4 Dex+3} (You found it on level 11 of the Dungeon)
 11055 | D:11     | Gained mutation: Your magical capacity is low (-10% MP). [mutagenic meat]
 11056 | D:11     | Gained mutation: You are resistant to hostile enchantments. [mutagenic meat]
 11136 | D:11     | Found a white marble altar of Elyvilon.
 11462 | D:11     | Killed an unseen horror
 12146 | D:12     | Found a staircase to the Orcish Mines.
 12147 | D:12     | Noticed a hill giant
 12149 | D:12     | Noticed a hill giant
 12242 | D:12     | Killed a hill giant
 12252 | D:12     | Killed a hill giant
 12252 | D:12     | Reached skill level 5 in Short Blades
 12458 | D:12     | Noticed a hill giant
 12467 | D:12     | Killed a hill giant
 12652 | D:12     | Noticed Josephine
 12673 | D:12     | Killed Josephine
 13005 | D:12     | Gained mutation: You are powered by pain. [demonic ancestry]
 13005 | D:12     | Reached XP level 12. HP: 89/101 MP: 3/10
 13008 | D:12     | Received a gift from Trog
 13097 | D:12     | Noticed Harold
 13124 | D:12     | Killed Harold
 14329 | D:13     | Reached skill level 10 in Short Blades
 15400 | D:13     | Noticed a seven-headed hydra
 15436 | D:13     | Gained mutation: You are dopey. (Int -2) [mutagenic meat]
 15437 | D:13     | Gained mutation: Your muscles are strong. (Str +2) [mutagenic meat]
 15615 | D:6      | Bought a transparent helmet for 313 gold pieces
 15625 | D:6      | Identified the cursed -5 helmet "Luashrena" {rElec rF+ rC- MR- Stlth+} (You bought it in a shop on level 6 of the Dungeon)
 15787 | Orc:1    | Entered Level 1 of the Orcish Mines
 15858 | Orc:1    | Received a gift from Trog
 16455 | Orc:1    | Reached XP level 13. HP: 93/107 MP: 3/11
 16515 | Orc:1    | Received a gift from Trog
 16674 | Orc:3    | Noticed Donald
 16680 | Orc:3    | Noticed Joseph
 16749 | Orc:3    | Killed Donald
 16749 | Orc:3    | Reached skill level 12 in Short Blades
 16766 | Orc:3    | Killed Joseph
 17454 | Orc:2    | Received a gift from Trog
 17782 | Orc:3    | Got a slimy shield
 17788 | Orc:3    | Identified the cursed +0 shield "Zeor" {rElec Dex+3} (You took it off Donald on level 3 of the Orcish Mines)
 17957 | Orc:4    | Entered Level 4 of the Orcish Mines
 18086 | Orc:4    | Received a gift from Trog
 18358 | Orc:4    | Received a gift from Trog
 18723 | Orc:4    | Found a roughly hewn altar of Beogh.
 18815 | Orc:4    | Reached skill level 13 in Short Blades
 19016 | Orc:4    | Found Smeomn's Antique Armour Emporium.
 19031 | Orc:4    | Found Prociec's Jewellery Shoppe.
 19239 | Orc:4    | Received a gift from Trog
 19250 | Orc:4    | Noticed Saint Roka
 19401 | Lair:1   | Entered Level 1 of the Lair of Beasts
 19626 | Lair:1   | Found a labyrinth entrance.
 19633 | Lab      | Entered a labyrinth
 21528 | Lab      | Noticed stonage's ghost (powerful GrFi)
 21543 | Lab      | Killed stonage's ghost
 21582 | Lab      | Got a bloodstained plate armour
 21582 | Lab      | Got a heavily runed troll leather armour
 21596 | Lab      | Got a twitching tin ring
 21608 | Lab      | Identified the +4 plate armour of Abstinence {-Cast -Tele rN+ MR+ Str+7} (You found it in a labyrinth)
 21618 | Lab      | Identified the -6 troll leather armour "Seiti" {rPois Regen+ Str-2 Slay+5 Stlth+} (You found it in a labyrinth)
 21643 | Lab      | Identified the ring "Psof" {+Blink rC+ Int+2} (You found it in a labyrinth)
 22349 | Lair:2   | Reached skill level 14 in Short Blades
 22761 | Lair:2   | Received a gift from Trog
 22762 | Lair:2   | Got a transparent halberd {god gift}
 22763 | Lair:2   | Identified the +6 halberd "Plulof" {speed, rF+ Str+7 Int+5 Stlth-} (Trog gifted it to you on level 2 of the Lair of Beasts)
 23272 | Lair:3   | Found a glowing golden altar of the Shining One.
 24065 | Lair:4   | Noticed Maud
 24090 | Lair:4   | Killed Maud
 24350 | Lair:4   | Reached skill level 10 in Polearms
 24576 | Lair:4   | Gained mutation: Your magical and physical power is slightly enhanced at high health. [demonic ancestry]
 24576 | Lair:4   | Reached XP level 14. HP: 106/114 MP: 12/12
 25690 | Lair:5   | Found a staircase to the Shoals.
 26321 | Lair:6   | Found a hole to the Spider Nest.
 26338 | Lair:6   | Received a gift from Trog
 26339 | Lair:6   | Got a shimmering halberd {god gift}
 26349 | Lair:6   | Identified the -1 halberd of Responsibility {speed, Str+4} (Trog gifted it to you on level 6 of the Lair of Beasts)
 27517 | Lair:7   | Found a viscous altar of Jiyva.
 27518 | Lair:7   | Found a staircase to the Slime Pits.
 28290 | Lair:8   | Entered Level 8 of the Lair of Beasts
 28327 | Lair:8   | Received a gift from Trog
 28877 | Lair:8   | Received a gift from Trog
 29255 | Lair:8   | Reached XP level 15. HP: 116/121 MP: 4/13
 29299 | Lair:8   | Found a burning altar of Makhleb.
 29367 | Lair:8   | Found a gateway to Hell.
 29573 | Hell     | Entered the Vestibule of Hell
 29573 | Hell     | Noticed Geryon
 29764 | Lair:8   | Received a gift from Trog
 30047 | Spider:1 | Entered Level 1 of the Spider Nest
 30054 | Spider:1 | Noticed Kira's ghost (powerful SpEn)
 30063 | Spider:1 | Killed Kira's ghost
 30307 | Spider:1 | Noticed Frances
 30331 | Spider:1 | Killed Frances
 30331 | Spider:1 | Reached skill level 15 in Polearms
 31027 | Spider:2 | Received a gift from Trog
 32509 | Spider:3 | Reached skill level 16 in Polearms
 32531 | Spider:3 | Received a gift from Trog
 32540 | Spider:3 | Noticed Aizul
 32555 | Spider:3 | Killed Aizul
 32764 | Spider:3 | Gained mutation: You possess an exceptional clarity of mind. [mutagenic meat]
 32765 | Spider:3 | Gained mutation: You occasionally shout uncontrollably at your foes. [mutagenic meat]
 32768 | Spider:3 | Gained mutation: Your flesh is cold resistant. [mutagenic meat]
 32769 | Spider:3 | Lost mutation: Your muscles are strong. (Str +2) [mutagenic meat]
 34214 | Spider:4 | Noticed Roxanne
 34231 | Spider:4 | Killed Roxanne
 34233 | Spider:4 | Identified Roxanne's Incunabulum of Mutagenic Earth (You took it off Roxanne on level 4 of the Spider Nest)
 34785 | Spider:5 | Entered Level 5 of the Spider Nest
 34791 | Spider:5 | Received a gift from Trog
 34796 | Spider:5 | Gained mutation: You can steal the life force of defeated enemies. [demonic ancestry]
 34796 | Spider:5 | Reached XP level 16. HP: 111/127 MP: 14/14
 35162 | Spider:5 | Blown up by an orb spider

Action                   |  1- 3 |  4- 6 |  7- 9 | 10-12 | 13-15 | 16-18 || total
-------------------------+-------+-------+-------+-------+-------+-------++-------
Melee: Spear             |   165 |    10 |       |       |       |       ||   175
       Trident           |       |   178 |   593 |   586 |       |       ||  1357
       Dagger            |       |    20 |       |       |       |       ||    20
       Quick blade       |       |       |       |   960 |   974 |       ||  1934
       Battleaxe         |       |       |       |     4 |       |       ||     4
       Halberd           |       |       |       |       |  1318 |    74 ||  1392
Invok: Trog's Hand       |       |       |     3 |     3 |     4 |       ||    10
       Berserk           |       |       |     1 |     3 |     1 |       ||     5
       Burn Spellbooks   |       |       |       |     4 |     4 |       ||     8
       Brothers in Arms  |       |       |       |       |     1 |       ||     1
Evoke: Wand              |       |       |       |     2 |     5 |       ||     7
  Use: Potion            |       |     7 |     6 |     8 |     6 |     1 ||    28
       Scroll            |       |       |    14 |     3 |     7 |       ||    24
 Stab: Invisible         |       |       |       |       |     2 |       ||     2
       Sleeping          |       |       |       |       |     1 |       ||     1
       Distracted        |       |       |       |       |     2 |       ||     2
       Held in net/web   |       |       |       |       |     1 |       ||     1
  Eat: Chunk             |     3 |     4 |    15 |    38 |    58 |     2 ||   120
       Royal jelly       |       |     1 |       |       |       |       ||     1
       Pizza             |       |     1 |       |     1 |       |       ||     2
       Bread ration      |       |       |       |     1 |       |       ||     1
       Fruit             |       |       |       |     1 |       |       ||     1
       Beef jerky        |       |       |       |     1 |       |       ||     1
